 Dungeon Crawl Stone Soup version 0.29.1-1-gd02db6906a (webtiles) character file.

Game seed: 17410257531892340805

5308 inmateoo the Carver (level 10, 0/63 HPs)
             Began as a Tengu Gladiator on Sept 24, 2022.
             Was a Follower of Uskayaw.
             Shot with an arrow by a centaur (4 damage)
             ... on level 8 of the Dungeon.
             The game lasted 00:10:02 (9483 turns).

inmateoo the Carver (Tengu Gladiator)               Turns: 9483, Time: 00:10:02

Health: 0/63       AC:  7    Str: 14    XL:     10   Next: 64%
Magic:  14/14      EV: 35    Int: 13    God:    Uskayaw [*.....]
Gold:   449        SH:  0    Dex: 24    Spells: 9/9 levels left

rFire   . . .      SeeInvis .   r - +7 spear "Volug" {holy, rPois rC+ Int+4 Dex+2}
rCold   + . .      Faith    .   (no shield)
rNeg    . . .      Spirit   .   q - +0 ring mail
rPois   +          Reflect  .   c - +1 hat
rElec   .          Harm     .   (no cloak)
rCorr   +          Rampage  .   o - +0 pair of gloves
Will    +....                   (boots unavailable)
Stlth   +.........              x - amulet "Jourubb" {Acrobat +Blink Dex+2}
HPRegen 0.20/turn               A - ring of willpower
MPRegen 0.14/turn               b - ring of resist corrosion

@: acrobatic, flying quickly and evasively, slowed, very slow
A: beak, talons 3, nimble flight
a: Renounce Religion, Evoke Blink, Stomp


You were on level 8 of the Dungeon.
You worshipped Uskayaw.
Uskayaw was noncommittal.
You visited 2 branches of the dungeon, and saw 9 of its levels.
You also visited: Ossuary.

You collected 449 gold pieces.

Inventory:

Hand Weapons
 a - a +1 long sword
 r - the +7 spear "Volug" (weapon) {holy, rPois rC+ Int+4 Dex+2}
   (You found it on level 2 of the Dungeon)

   It has been blessed by the Shining One to cause great damage to the undead
   and demons.
   Int:       It affects your intelligence (+4).
   Dex:       It affects your dexterity (+2).
   rC:        It protects you from cold.
   rPois:     It protects you from poison.
Missiles
 d - 3 throwing nets (quivered)
 e - a javelin
Armour
 c - a +1 hat (worn)
 o - a +0 pair of gloves (worn)
 q - a +0 ring mail (worn)
 y - a +0 kite shield
Jewellery
 b - a ring of resist corrosion (right hand)
 l - a ring of positive energy
 x - the amulet "Jourubb" (around neck) {Acrobat +Blink Dex+2}
   (You acquired it on level 5 of the Dungeon)

   [amulet of the acrobat]

   It increases your evasion while moving and waiting.
   Dex:       It affects your dexterity (+2).
   +Blink:    It lets you blink.
 A - a ring of willpower (left hand)
Wands
 s - a wand of paralysis (3)
Scrolls
 j - 10 scrolls of teleportation
 p - 4 scrolls of magic mapping
 t - a scroll of fear
 v - a scroll of enchant weapon
 w - a scroll of vulnerability {unknown}
 z - a scroll of enchant armour
Potions
 f - 2 potions of mutation
 g - a potion of lignification {unknown}
 h - 10 potions of curing
 i - 2 potions of berserk rage
 k - 3 potions of brilliance
 m - 2 potions of heal wounds
 n - 3 potions of haste {unknown}
 u - 2 potions of magic


   Skills:
 + Level 7.6 Fighting
 * Level 11.7 Long Blades
 - Level 2.0 Throwing
 + Level 8.7 Dodging
 + Level 4.5 Invocations


You had 9 spell levels left.
You didn't know any spells.
Your spell library contained the following spells:

 Spells                   Type           Power      Damage    Failure   Level
 Blink                    Tloc           0%         N/A       67%         2
 Gell's Gravitas          Tloc           0%         N/A       88%         3
 Teleport Other           Tloc           0%         N/A       88%         3
 Airstrike                Air            0%         2d(0-16)  99%         4
 Summon Lightning Spire   Summ/Air       0%         N/A       99%         4
 Lightning Bolt           Conj/Air       0%         1d11      100%        5
 Manifold Assault         Tloc           0%         N/A       100%        5
 Dispersal                Tloc           0%         N/A       100%        6
 Storm Form               Tmut/Air       0%         N/A       100%        7


Dungeon Overview and Level Annotations

Branches:
Dungeon (8/15)             Temple (1/1) D:4         Ossuary (visited)
   Lair: D:8-11

Altars:
Ashenzari
Cheibriados
Dithmenos
Elyvilon
Fedhas
Gozag
Hepliaklqana
Kikubaaqudgha
Makhleb
Nemelex Xobeh
Okawaru
Qazlal
Ru
Sif Muna
Trog
Uskayaw
Vehumet
Wu Jian
Xom
Yredelemnul
Zin
The Shining One

Annotations:
D:5 2 transporters, Dakr's ghost, novice DjFE
D:6 3 runed translucent doors, diceflayer's ghost, novice DsFi


Innate Abilities, Weirdness & Mutations

You have a beak for a mouth.
You have claws for feet.
Your magical nature lets you fly swiftly and evasively.


Message History

The orc wizard is heavily wounded.
The orc wizard gestures wildly while chanting.
The orc wizard flickers and vanishes!
Deactivating autopickup; reactivate with Ctrl-A.
You can now pass through a line of other dancers.
You closely miss something. Something barely misses you. Something hits you.
* * * LOW HITPOINT WARNING * * *
You puncture something! You claw something.
Reactivating autopickup.
You feel a bit more experienced.
Things that are here:
a +0 dagger; a +0 robe An orc wizard comes into view.
It is wielding a +0 dagger.
Things that are here:
a +4 scimitar of flaming; a +2 robe An orc wizard is nearby!
You can no longer pass through a line of other dancers.
You hit the orc wizard. You claw the orc wizard! You peck the orc wizard.
The orc wizard is severely wounded.
The orc wizard closely misses you.
You can now pass through a line of other dancers.
You miss the orc wizard. You peck the orc wizard.
The orc wizard is almost dead.
The orc wizard closely misses you.
The orc wizard gestures at you while chanting.
The puff of flame hits you.
* * * LOW HITPOINT WARNING * * *
You puncture the orc wizard!
You kill the orc wizard!
You start resting.
Magic restored.
You start resting.
A centaur comes into view.
A centaur is nearby!
The centaur shouts!
You hear a shout!
The centaur wields a +0 shortbow.
The centaur shoots an arrow.
The arrow hits you!
* * * LOW HITPOINT WARNING * * *
The centaur shoots an arrow.
The arrow hits you.
You die...

..... ...... !..# .......
#..##........
######...........#
#..@.............#
#................### ..
#..PPPP......<...#.. ....
#.....$.............
....##..)._............##
.......))................#
......c..................#
................##.......#
.####...†.......#........#


You could see a centaur.

Vanquished Creatures
  Erica (D:8)
  Grinder (D:4)
  A wraith (D:7)
  6 yaks
  3 steam dragons
  A water moccasin (D:7)
  An ice beast (D:5)
  A sky beast (D:8)
  2 ogres
  4 centaurs
  2 kobold brigands
  2 bullfrogs (D:7)
  8 scorpions
  2 necrophages
  An electric eel (D:7)
  A vampire bat (D:4)
  2 howler monkeys
  2 centaur zombies (Ossuary)
  5 jellies
  A gnoll bouda (D:6)
  2 human zombies (Ossuary)
  9 orc wizards
  6 iguanas
  Natasha (thrice) (D:3)
  4 scorpion zombies (Ossuary)
  3 mummies (Ossuary)
  6 gnolls
  7 adders
  2 shadow imps (D:7)
  2 white imps (D:7)
  A worm (D:4)
  3 dart slugs (D:2)
  3 fire bats (D:4)
  13 orcs
  2 spectral bats (D:4)
  6 ball pythons
  3 bat skeletons (D:4)
  A bat zombie (D:4)
  5 endoplasms
  5 giant cockroaches
  4 gnoll zombies (Ossuary)
  7 goblins
  6 hobgoblins
  7 jackals (D:1)
  4 quokkas
  15 bats
  A bat simulacrum (D:4)
  2 frilled lizards (D:2)
  5 goblin zombies (Ossuary)
  14 kobolds
  2 kobold zombies (Ossuary)
  2 orc zombies (Ossuary)
  5 rats
207 creatures vanquished.

Vanquished Creatures (collateral kills)
  4 orc wizards (D:7)
4 creatures vanquished.

Vanquished Creatures (others)
  3 fungi (D:8)
  5 plants
8 creatures vanquished.

Grand Total: 219 creatures vanquished

Notes
Turn   | Place    | Note
-------+----------+-------------------------------------------
     0 | D:1      | inmateoo the Tengu Gladiator began the quest for the Orb.
     0 | D:1      | Reached XP level 1. HP: 12/12 MP: 2/2
   228 | D:1      | Reached XP level 2. HP: 14/17 MP: 3/3
   598 | D:1      | Reached XP level 3. HP: 12/22 MP: 4/4
   601 | D:1      | Reached skill level 4 in Long Blades
  1518 | D:2      | Found a faded altar of an unknown god.
  1654 | D:2      | Reached XP level 4. HP: 27/27 MP: 5/5
  1892 | D:2      | Identified the +7 spear "Volug" {holy, rPois rC+ Int+4
                  | Dex+2}
  2047 | D:3      | Noticed Natasha
  2053 | D:3      | Killed Natasha
  2106 | D:3      | Identified the +0 robe of Tuyxi {rCorr Stlth+}
  2170 | D:3      | Gained mutation: Your magical nature lets you fly swiftly
                  | and evasively. [Tengu growth]
  2170 | D:3      | Reached XP level 5. HP: 32/32 MP: 6/6
  2309 | D:3      | Noticed Natasha
  2315 | D:3      | Killed Natasha
  2316 | D:3      | Reached skill level 5 in Long Blades
  2383 | D:3      | Noticed Natasha
  2387 | D:3      | Killed Natasha
  2611 | D:4      | Noticed Grinder
  2626 | D:4      | Killed Grinder
  2627 | D:4      | Reached skill level 6 in Long Blades
  2627 | D:4      | Reached XP level 6. HP: 14/38 MP: 7/7
  2915 | D:4      | Reached skill level 5 in Dodging
  2915 | D:4      | Reached XP level 7. HP: 35/43 MP: 8/8
  3212 | D:4      | Noticed a yak
  3212 | D:4      | Noticed a yak
  3212 | D:4      | Noticed a yak
  3212 | D:4      | Noticed a yak
  3213 | D:4      | Noticed a yak
  3225 | D:3      | Killed a yak
  3397 | D:4      | Reached skill level 7 in Long Blades
  3633 | D:4      | Found a staircase to the Ecumenical Temple.
  3640 | Temple   | Entered the Ecumenical Temple
  3748 | Temple   | Became a worshipper of Uskayaw the Reveller
  3769 | D:4      | Reached * piety under Uskayaw
  3770 | D:4      | Reached ** piety under Uskayaw
  3996 | D:4      | Reached *** piety under Uskayaw
  3999 | D:4      | Reached **** piety under Uskayaw
  4005 | D:4      | Reached ***** piety under Uskayaw
  4018 | D:4      | Reached XP level 8. HP: 48/48 MP: 9/9
  4471 | D:5      | Entered Level 5 of the Dungeon
  4528 | D:5      | Found a bloodstained altar of Trog.
  4533 | D:5      | Found a broken altar of Ashenzari.
  4537 | D:5      | Found a glowing silver altar of Zin.
  4540 | D:5      | Found an ancient bone altar of Kikubaaqudgha.
  4542 | D:5      | Found a sacrificial altar of Ru.
  4547 | D:5      | Found an iron altar of Okawaru.
  4604 | D:5      | Reached skill level 5 in Fighting
  4604 | D:5      | Reached skill level 8 in Long Blades
  4612 | D:5      | Found a sand-covered staircase.
  4644 | Ossuary  | Entered an ossuary
  5002 | Ossuary  | Reached skill level 9 in Long Blades
  5002 | Ossuary  | Reached skill level 1 in Invocations
  5013 | Ossuary  | Reached XP level 9. HP: 46/55 MP: 10/10
  5135 | D:5      | Found a transporter.
  5139 | D:5      | Noticed Dakr's ghost (novice DjFE)
  5165 | D:5      | Found a transporter.
  5438 | D:5      | Identified a scroll of acquirement
  5438 | D:5      | Acquired the amulet "Jourubb" {Acrobat +Blink Dex+2}
  5557 | D:4      | Reached skill level 10 in Long Blades
  6161 | D:6      | Found a runed translucent gate.
  6162 | D:6      | Found a runed translucent gate.
  6163 | D:6      | Found a runed translucent gate.
  6164 | D:6      | Noticed diceflayer's ghost (novice DsFi)
  6165 | D:6      | Noticed a spectral unseen horror
  6646 | D:6      | You are sucked into a shaft and drop 2 floors!
  7002 | D:7      | Reached XP level 10. HP: 48/61 MP: 13/13
  7590 | D:7      | Reached skill level 11 in Long Blades
  8331 | D:7      | Found a shimmering altar of Xom.
  9402 | D:8      | Found a shadowy altar of Dithmenos.
  9432 | D:8      | Noticed Erica
  9447 | D:8      | HP: 2/63 [something (3)]
  9458 | D:8      | Killed Erica
  9483 | D:8      | Shot with an arrow by a centaur

Illustrated notes

Levels and vault maps discovered:
D:1:      dpeg_cavernosity, layout_basic, serial_forest,
          infiniplex_forest_diagonal, infiniplex_forest_lined_4_way,
          infiniplex_forest_clump_small, infiniplex_forest_end_2,
          infiniplex_forest_straight_2, infiniplex_forest_corner_2,
          infiniplex_forest_pool
D:2:      layout_basic, ebering_ecumenical_altar_abandoned
D:3:      layout_loops_ring, chequers_serial_rivers_room_b, uniq_natasha
D:4:      layout_loops_ring, minmay_temple_entry_arrows, goddamned_bats,
          uniq_grinder
D:5:      layout_rooms, nicolae_overflow_hallway_of_the_gods,
          nicolae_ossuary_entry_false_entrances, gammafunk_ghost_stat_death,
          st_stairs_5
D:6:      layout_cave_pods, gammafunk_ghost_necromancy, minmay_diced_spiral
D:7:      minmay_flawed_box, layout_basic, amcnicky_altar_gilded,
          nicolae_eternal_life, serial_bayou_pond_b
D:8:      statuecave_lemuel, layout_cave_pools, mainiacjoe_overflow_chevrons,
          minmay_hollow_rounded_squares, uniq_erica
Temple:   nicolae_temple_great_sept

Skill      XL: |  1  2  3  4  5  6  7  8  9 10 |
---------------+-------------------------------+-----
Long Blades    | 4 6 7 9 10 11 | 11.7
Dodging        | 4 5 6 7 8 |  8.7
Fighting       | 3 4 5 6 7 |  7.6
Invocations    | 1 3 4 |  4.5
Throwing       | |  2.0

Action                   |  1- 3 |  4- 6 |  7- 9 | 10-12 || total
-------------------------+-------+-------+-------+-------++-------
Melee: Long sword        |    98 |     5 |       |       ||   103
       Peck              |    11 |     7 |    50 |    41 ||   109
       Kick              |    19 |    12 |    98 |    55 ||   184
       Spear             |       |    56 |   294 |   164 ||   514
       Punch             |       |     1 |     2 |     1 ||     4
Invok: Stomp             |       |       |       |     1 ||     1
       Line Pass         |       |       |       |     1 ||     1
Evoke: Wand              |       |       |       |     3 ||     3
  Use: Scroll            |       |    11 |     8 |     3 ||    22
       Potion            |       |       |       |     2 ||     2
 Stab: Sleeping          |     2 |       |       |     3 ||     5
       Paralysed         |       |       |    18 |     9 ||    27
Armor: Leather armour    |    38 |       |       |       ||    38
       Ring mail         |       |     5 |    54 |    26 ||    85
Dodge: Dodged            |   103 |    23 |   249 |   133 ||   508
